AoeStats
← TigerGecko

Hideout

503671853Analyzed
4v4 RM · 1mo ago on Sep 1, 2026· 41m 11s· 8 players
Game mode
Random Map
Map size
Large (8 player)
Population
200
Speed
Normal
Resources
Standard
Victory
Conquest
Starting age
Dark Age
Ending age
Imperial Age
RankedLock teamsTeams togetherTeam positionsShared explorationLock speedFull tech treeHidden civsTurbo modeCheats
Victory
Defeat
🇹🇷 Britons · Türkiye
1558
+12
🇲🇽 Hindustanis · Mexico
1545
+13
🇺🇸 Jurchens · United States
1455
+17
🇦🇷 Mongols · Argentina
1455
+17
🇦🇷 Spanish · Argentina
1582
-20
🇩🇪 Georgians · Germany
1497
-16
🇪🇸 Persians · Spain
1492
-15
🇦🇷 Franks · Argentina
1340
-9
TigerGecko
8:13 Loom
9:59 Feudal Age
14:24 Castle Age
12:31 Horse Collar
13:19 Fletching
16:26 Double-Bit Axe
18:10 Bow Saw
18:22 Gold Mining
20:34 Bloodlines
21:02 Ballistics
21:50 Bodkin Arrow
23:29 Town Watch
32:00 Wheelbarrow
31:42 Padded Archer Armor
36:45 Imperial Age
35:41 Leather Archer Armor
39:22 Imperial Age
KIRA
10:45 Feudal Age
14:22 Castle Age
12:18 Horse Collar
13:41 Double-Bit Axe
15:30 Scale Barding Armor
17:09 Chain Barding Armor
20:49 Bow Saw
21:31 Loom
24:24 Wheelbarrow
23:34 Town Watch
23:55 Town Watch
24:48 Gold Mining
25:37 Hand Cart
28:02 Forging
29:22 Iron Casting
29:15 Bloodlines
29:56 Husbandry
35:28 Imperial Age
35:49 Masonry
35:23 Heavy Camel Rider
36:42 Plate Barding Armor
37:08 Blast Furnace
36:49 Conscription
37:44 Chemistry
37:15 Architecture
37:24 Hoardings
Elconque2k
7:19 Loom
11:05 Feudal Age
14:58 Castle Age
16:35 Double-Bit Axe
17:41 Bow Saw
25:31 Wheelbarrow
26:07 Scale Barding Armor
26:08 Husbandry
27:42 Chain Barding Armor
27:52 Gold Mining
28:29 Forging
31:00 Gold Shaft Mining
34:48 Imperial Age
31:45 Light Cavalry
35:45 Chivalry
36:34 Plate Barding Armor
36:17 Cavalier
38:21 Hand Cart
38:54 Fletching
Teutonio
7:05 Loom
9:11 Feudal Age
9:18 Man-at-Arms
13:44 Double-Bit Axe
14:32 Horse Collar
20:57 Castle Age
19:11 Fletching
20:34 Stone Mining
35:10 Sanctity
35:58 Fervor
43:30 Imperial Age
41:17 Scale Mail Armor
boo
8:55 Feudal Age
13:19 Castle Age
11:50 Double-Bit Axe
14:22 Bow Saw
20:21 Wheelbarrow
19:59 Horse Collar
21:15 Heavy Plow
21:39 Gold Mining
23:52 Scale Barding Armor
24:02 Husbandry
24:37 Bloodlines
25:23 Chain Barding Armor
28:01 Hand Cart
29:11 Fletching
29:34 Forging
32:25 Imperial Age
29:41 Loom
29:42 Town Watch
30:46 Gold Shaft Mining
31:06 Iron Casting
30:56 Stone Mining
33:58 Plate Barding Armor
34:24 Blast Furnace
32:49 Elite Steppe Lancer
BTJ | fakin pons
10:07 Feudal Age
14:26 Castle Age
12:57 Horse Collar
13:07 Double-Bit Axe
16:51 Scale Barding Armor
21:11 Forging
21:35 Bloodlines
21:43 Loom
23:57 Wheelbarrow
25:58 Hand Cart
26:51 Chain Barding Armor
28:33 Town Watch
29:08 Husbandry
33:38 Iron Casting
37:07 Imperial Age
34:21 Light Cavalry
35:33 Bow Saw
35:54 Heavy Plow
35:48 Light Cavalry
37:00 Fletching
37:24 Heavy Camel Rider
38:52 Plate Barding Armor
39:17 Imperial Camel Rider
40:58 Blast Furnace
Jugband
10:31 Feudal Age
10:56 Loom
15:19 Castle Age
14:50 Double-Bit Axe
14:46 Horse Collar
24:31 Fletching
25:32 Gold Mining
26:43 Wheelbarrow
28:05 Bow Saw
29:11 Town Watch
34:48 Imperial Age
32:43 Bodkin Arrow
33:28 Crossbowman
34:32 Padded Archer Armor
35:43 Hand Cart
35:34 Bracer
35:46 Arbalester
37:37 Leather Archer Armor
37:43 Ballistics
38:20 Masonry
39:46 Chemistry
40:34 Architecture
|MP| layc0ni
7:15 Loom
9:17 Feudal Age
13:41 Castle Age
12:57 Double-Bit Axe
12:52 Horse Collar
13:35 Fletching
24:06 Bodkin Arrow
24:48 Padded Archer Armor
25:40 Ballistics
28:56 Wheelbarrow
28:06 Town Watch
33:19 Imperial Age
31:55 Bow Saw
32:13 Bloodlines
32:03 Husbandry
32:15 Husbandry
32:57 Thumb Ring
33:28 Leather Archer Armor
34:02 Bracer
35:31 Chemistry
36:59 Elite Mangudai
38:16 Heavy Plow
38:32 Hand Cart
38:07 Light Cavalry
40:00 Gold Mining
40:01 Stone Mining
41:33 Conscription
Connection lost

Rejoining the realm…

Still unreachable

The connection could not be restored.

Session expired

The server has moved on; the page needs a fresh start.